 Dungeon Crawl Stone Soup version 0.26-a0-665-gefeb406119 (webtiles) character file.

Game seed: 8187494573444113016

65039 jasper the Executioner (level 15, -12/210 (211) HPs)
             Began as a Hill Orc Berserker on Oct 15, 2020.
             Was a High Priest of Trog.
             Mangled by an orc warrior
             ... wielding a +0 trident
              (19 damage)
             ... while paralysed by an orc sorcerer
             ... on level 2 of the Orcish Mines.
             The game lasted 00:23:30 (17416 turns).

jasper the Executioner (Hill Orc Berserker)        Turns: 17416, Time: 00:23:30

HP:   -12/210 (211) AC: 25    Str: 26    XL:     15   Next: 15%
MP:   15/15         EV:  2    Int: 11    God:    Trog [*****.]
Gold: 1248          SH:  0    Dex: 10    Spells: 14/14 levels left

rFire    . . .     SeeInvis .   O - +8 executioner's axe (vorpal)
rCold    + . .     Faith    .   (shield currently unavailable)
rNeg     . . .     Spirit   .   M - +1 plate armour {rPois}
rPois    +         Reflect  .   H - +1 hat
rElec    .         Harm     .   y - +0 cloak
rCorr    +         Rampage  .   g - +0 pair of gloves {Str+3}
MR       +....                  t - +2 pair of boots
Stlth    ..........             C - amulet of regeneration
HPRegen  0.85/turn              X - ring of protection from cold
MPRegen  0.14/turn              A - ring of resist corrosion

@: paralysed, berserking, lightly drained
A: no striking features
a: Berserk, Trog's Hand, Brothers in Arms, Renounce Religion, Convert to Beogh


You were on level 2 of the Orcish Mines.
You worshipped Trog.
Trog was extremely pleased with you.
You visited 4 branches of the dungeon, and saw 20 of its levels.

You collected 1488 gold pieces.
You spent 240 gold pieces at shops.

Inventory:

Hand Weapons
 u - the +5 executioner's axe of a wizard's laboratory {vorpal, rPois rN+}
   (Trog gifted it to you on level 6 of the Lair of Beasts)

   It inflicts extra damage upon your enemies.
   It protects you from poison.
   It protects you from negative energy.
 O - a +8 vorpal executioner's axe (weapon)
 V - the +4 battleaxe of Veones {vorpal, rN+}
   (Trog gifted it to you on level 4 of the Lair of Beasts)

   It inflicts extra damage upon your enemies.
   It protects you from negative energy.
Missiles
 i - 2 throwing nets (quivered)
 x - 51 poisoned darts
Armour
 g - a +0 pair of gloves of strength (worn)
 t - a +2 pair of boots (worn)
 y - a +0 cloak (worn)
 H - a +1 hat (worn)
 M - a +1 plate armour of poison resistance (worn)
 S - +0 fire dragon scales
Jewellery
 e - an uncursed amulet of magic regeneration {unknown}
 A - a ring of resist corrosion (right hand)
 C - an amulet of regeneration (around neck)
 F - an uncursed amulet of faith {unknown}
 Q - an uncursed amulet of reflection {unknown}
 X - a ring of protection from cold (left hand)
Wands
 a - a wand of iceblast (10)
 J - a wand of disintegration (4)
 L - a wand of enslavement (7)
 W - a wand of random effects (23)
 Y - a wand of digging (5)
Scrolls
 b - 2 scrolls of holy word
 c - 12 scrolls of remove curse
 d - a scroll of torment
 h - 5 scrolls of magic mapping
 k - 10 scrolls of teleportation
 o - 2 scrolls of fog
 q - 4 scrolls of immolation
 D - 4 scrolls of blinking
 E - 5 scrolls of enchant armour
 G - 3 scrolls of fear
 N - a scroll of acquirement {unknown}
 P - a scroll of vulnerability {unknown}
Potions
 f - 6 potions of lignification
 j - 3 potions of resistance
 l - 3 potions of degeneration
 m - 4 potions of stabbing
 n - 3 potions of flight
 p - 3 potions of invisibility
 r - 11 potions of heal wounds
 v - 2 potions of ambrosia
 w - 3 potions of berserk rage
 z - 2 potions of might
 B - 4 potions of curing
 I - 2 potions of cancellation
 K - a potion of magic
 R - a potion of haste
 T - 2 potions of mutation {unknown}
 U - a potion of brilliance {unknown}
Miscellaneous
 s - a tin of tremorstones (3/3)


   Skills:
 + Level 15.3(15.2) Fighting
 * Level 21.7(21.6) Axes
 + Level 14.1(13.9) Armour
 - Level 3.5(3.4) Dodging


You had 14 spell levels left.
You didn't know any spells.
Your spell library was empty.

Dungeon Overview and Level Annotations

Branches:
Dungeon (11/15)            Temple (0/1) D:6            Lair (6/6) D:8
 Shoals (1/4) Lair:2        Snake (0/4) Lair:3        Slime (0/5) Lair:6
    Orc (2/2) D:10
    Elf: Orc:2

Altars:
Cheibriados
Dithmenos
Gozag
Hepliaklqana
Kikubaaqudgha
Makhleb
Qazlal
Uskayaw
Wu Jian
Xom
The Shining One
Jiyva

Shops:
D:5 ?   D:7 [==   D:10 (

Annotations:
D:4 3 runed translucent doors, jasper's ghost, amateur DsBe
D:11 2 runed translucent doors
Lair:3 1 runed translucent door, Huasawuy's ghost, journeyman TrWz


Message History

The orc knight roars a battlecry!
The orc knight goes into a battle-frenzy!
The orc sorcerer casts a spell.
The orc high priest shouts, "Join the one true god or die!"
You hear a shout! x3
The orc high priest shouts, "Join the one true god or die!"
The orc wizard hits you but does no damage.
The orc warrior completely misses you.
The orc sorcerer hits you but does no damage.
The orc warrior hits you from afar with a cursed -2 trident!
* * * LOW HITPOINT WARNING * * *
The orc high priest hits you with a +0 long sword!
* * * LOW HITPOINT WARNING * * *
The orange demon stings you but does no damage.
The orc wizard gestures at you while chanting.
The magic dart hits you.
* * * LOW HITPOINT WARNING * * *
The orc sorcerer hits you but does no damage.
The orc warrior hits you from afar with a +0 trident!!
You die... #.........# #...o.....# #...o.....# ..oo.....# ooooo4..

###oo334###
#...oo.o..##
##.o@2.....#
###...).....##
##..#.#...$..#
###...###.....##
#.#.........#.#
###..............#
#...........#.#..#
###.........###....
###............###^..


You could see 2 orc knights, a soul eater (summoned), an orc high priest
(strong), an orange demon (summoned), a hellwing (summoned), a smoke demon
(summoned), 2 orc sorcerers, a red devil (summoned), 6 orc warriors, an orc
priest (strong), an orc wizard (strong) and 2 orcs.

Vanquished Creatures
  Gastronok (Lair:3)
  Snorg (D:10)
  A fire dragon (Lair:6)
  8 hydras
  A rakshasa (D:11)
  A boulder beetle (Lair:6)
  2 two-headed ogres
  3 death yaks (Lair:4)
  Urug (Lair:6)
  An orc high priest (Orc:2)
  An unseen horror (D:11)
  3 lindwurms
  An orc knight (Orc:1)
  An orc sorcerer (Orc:2)
  2 cyclopes (D:11)
  3 ugly things (D:11)
  A manticore (Lair:2)
  12 elephants
  6 black mambas
  A molten gargoyle (Lair:6)
  13 cane toads
  A gargoyle (D:11)
  10 komodo dragons
  A centaur skeleton (D:10)
  4 rime drakes
  5 trolls
  A wind drake (Lair:2)
  A hornet (Lair:5)
  4 polar bears (Lair:3)
  22 blink frogs
  15 dream sheep (Lair:6)
  2 shadows
  A wraith (D:11)
  Sigmund (D:2)
  8 wyverns
  9 basilisks
  36 yaks
  3 steam dragons
  4 wargs (Orc:1)
  2 nagas (Lair:3)
  6 water moccasins
  4 hell hounds (Lair:6)
  19 orc warriors
  4 ice beasts
  6 sky beasts
  2 black bears (Lair:3)
  A necrophage (D:10)
  7 ogres
  A phantom (D:10)
  4 centaurs
  10 wolves
  A big kobold (D:11)
  13 bullfrogs
  2 wyvern skeletons
  3 scorpions
  9 killer bees (D:10)
  A water moccasin skeleton (D:5)
  5 wights (D:7)
  2 electric eels (Lair:4)
  5 lava snakes (Lair:6)
  A bullfrog zombie (D:7)
  3 centaur zombies
  A bullfrog skeleton (D:11)
  5 hounds
  4 jellies
  13 orc priests
  2 iguanas
  23 orc wizards
  7 hell rats (Lair:6)
  10 worker ants
  2 hound skeletons (D:8)
  7 gnolls
  7 adders
  4 shadow imps
  3 white imps
  4 ufetubi
  3 oozes
  2 adder skeletons (D:4)
  4 worms
  4 dart slugs
  5 leopard geckos
  66 orcs
  4 giant cockroaches
  6 goblins
  6 hobgoblins
  13 jackals
  2 quokkas
  A ball python (D:2)
  7 bats
  A frilled lizard (D:3)
  A jackal skeleton (D:4)
  13 kobolds
  A leopard gecko skeleton (D:6)
  A quokka skeleton (D:8)
  10 rats
545 creatures vanquished.

Vanquished Creatures (collateral kills)
  Kirke (Lair:6)
  2 hydras (Lair:6)
  4 black mambas
  A molten gargoyle (Lair:6)
  A dream sheep (Lair:6)
  A yak (Lair:6)
  2 hogs (Lair:6)
  2 wyverns (Lair:6)
  A steam dragon (Lair:6)
  2 basilisks (Lair:4)
  2 wargs (Orc:1)
  A hell hound (Lair:6)
  3 orc warriors (Orc:1)
  An electric eel (Orc:1)
  A howler monkey (D:10)
  An orc priest (Orc:1)
  An orc wizard (Orc:1)
27 creatures vanquished.

Vanquished Creatures (others)
  A hydra (D:11)
  A human (Lair:6)
  An orc warrior (Orc:1)
  An ogre (D:9)
  A jelly (D:9)
  A hound (D:9)
  An orc priest (Orc:2)
  A bullfrog skeleton (D:9)
  An orc wizard (D:9)
  A shadow imp (D:9)
  A white imp (D:9)
  2 leopard geckos (D:9)
  An orc (Orc:1)
  17 fungi
  44 plants
75 creatures vanquished.

Grand Total: 647 creatures vanquished

Notes
Turn   | Place    | Note
-------+----------+-------------------------------------------
     0 | D:1      | jasper the Hill Orc Berserker began the quest for the Orb.
     0 | D:1      | Reached XP level 1. HP: 19/19 MP: 1/1
   407 | D:1      | Reached XP level 2. HP: 24/27 MP: 2/2
   872 | D:1      | Reached XP level 3. HP: 31/33 MP: 3/3
   955 | D:2      | Reached ** piety under Trog
  1361 | D:2      | Noticed Sigmund
  1370 | D:2      | Killed Sigmund
  1370 | D:2      | Reached skill level 6 in Axes
  1370 | D:2      | Reached XP level 4. HP: 41/41 MP: 4/4
  1370 | D:2      | Reached XP level 5. HP: 47/47 MP: 5/5
  1915 | D:3      | Noticed a sky beast
  1931 | D:3      | Killed a sky beast
  1931 | D:3      | Reached XP level 6. HP: 55/55 MP: 6/6
  2004 | D:3      | Found a burning altar of Makhleb.
  2325 | D:4      | Reached skill level 5 in Fighting
  2487 | D:4      | Reached skill level 7 in Axes
  2487 | D:4      | Reached XP level 7. HP: 42/61 MP: 7/7
  2686 | D:4      | Reached *** piety under Trog
  3313 | D:4      | Found an ancient bone altar of Kikubaaqudgha.
  3521 | D:4      | Found a runed translucent gate.
  3521 | D:4      | Found a runed translucent gate.
  3522 | D:4      | Found a runed translucent gate.
  3524 | D:4      | Noticed jasper's ghost (amateur DsBe)
  3675 | D:5      | Entered Level 5 of the Dungeon
  3750 | D:5      | Reached skill level 8 in Axes
  4083 | D:5      | Reached XP level 8. HP: 64/70 MP: 8/8
  4293 | D:5      | Reached skill level 5 in Armour
  4595 | D:5      | Found Geshrop's Magic Scroll Emporium.
  4598 | D:5      | Bought a scroll of teleportation for 36 gold pieces
  4598 | D:5      | Bought a scroll of identify for 24 gold pieces
  4598 | D:5      | Bought a scroll of identify for 24 gold pieces
  4598 | D:5      | Bought a scroll of identify for 24 gold pieces
  4598 | D:5      | Bought a scroll of blinking for 90 gold pieces
  4598 | D:5      | Bought a scroll of magic mapping for 42 gold pieces
  4783 | D:6      | Reached skill level 9 in Axes
  4853 | D:6      | Reached **** piety under Trog
  5041 | D:6      | Reached skill level 10 in Axes
  5100 | D:6      | Found a staircase to the Ecumenical Temple.
  5696 | D:7      | Reached XP level 9. HP: 79/79 MP: 9/9
  5698 | D:7      | Found Jeudugea's Antique Armour Emporium.
  5945 | D:7      | Found Sudatza's Jewellery Shop.
  6103 | D:7      | Found Wont's Jewellery Emporium.
  6150 | D:7      | Found a shadowy altar of Dithmenos.
  6313 | D:7      | Reached skill level 11 in Axes
  7180 | D:8      | Found an ornate altar of the Wu Jian Council.
  7396 | D:8      | Found a staircase to the Lair.
  7397 | D:8      | Noticed a komodo dragon
  7413 | D:8      | Killed a komodo dragon
  7413 | D:8      | Reached skill level 12 in Axes
  7560 | D:9      | Noticed a two-headed ogre
  7571 | D:9      | Killed a two-headed ogre
  7571 | D:9      | Reached XP level 10. HP: 91/91 MP: 10/10
  7656 | D:9      | Reached ***** piety under Trog
  7713 | D:9      | Reached skill level 13 in Axes
  8084 | D:9      | Found a shimmering altar of Xom.
  8091 | D:9      | Found a hazy altar of Hepliaklqana.
  8296 | D:9      | Found a stormy altar of Qazlal.
  8308 | D:9      | Found a hide-covered altar of Uskayaw.
  8309 | D:9      | Found a glowing golden altar of the Shining One.
  8310 | D:9      | Found a shadowy altar of Dithmenos.
  8311 | D:9      | Found an opulent altar of Gozag.
  8473 | D:10     | Entered Level 10 of the Dungeon
  8628 | D:10     | Found Seros's Weapon Shoppe.
  8630 | D:10     | Found a staircase to the Orcish Mines.
  8640 | D:10     | Reached skill level 14 in Axes
  8652 | D:10     | Reached skill level 10 in Fighting
  8800 | D:10     | Reached XP level 11. HP: 83/99 MP: 11/11
  9122 | D:10     | Noticed Snorg
  9131 | D:10     | Killed Snorg
  9131 | D:10     | Reached skill level 15 in Axes
  9265 | Orc:1    | Entered Level 1 of the Orcish Mines
  9368 | Orc:1    | Noticed a two-headed ogre
  9375 | Orc:1    | Killed a two-headed ogre
  9524 | Orc:1    | Noticed an orc knight
  9545 | Orc:1    | Killed an orc knight
  9559 | Orc:1    | Received a gift from Trog
  9577 | Orc:1    | Reached skill level 10 in Armour
  9890 | D:11     | Reached skill level 16 in Axes
  9960 | D:11     | Killed an unseen horror
  9960 | D:11     | Reached XP level 12. HP: 109/109 MP: 12/12
 10438 | D:11     | Found a snail-covered altar of Cheibriados.
 10511 | D:11     | Found a runed translucent door.
 10511 | D:11     | Found a runed translucent door.
 10511 | D:11     | Noticed a seven-headed hydra
 10612 | D:11     | Killed a seven-headed hydra
 10692 | D:11     | Reached skill level 17 in Axes
 10849 | D:11     | Noticed a rakshasa
 10858 | D:11     | Killed a rakshasa
 11068 | Lair:1   | Entered Level 1 of the Lair of Beasts
 11222 | Lair:1   | Noticed a four-headed hydra
 11234 | Lair:1   | Killed an 11-headed hydra
 11474 | Lair:1   | Noticed an eight-headed hydra
 11484 | Lair:1   | Killed a 12-headed hydra
 11959 | Lair:2   | Reached skill level 18 in Axes
 12032 | Lair:2   | Found a staircase to the Shoals.
 12262 | Lair:2   | Reached XP level 13. HP: 118/118 MP: 13/13
 12423 | Shoals:1 | Entered Level 1 of the Shoals
 12658 | Lair:3   | You fall into a shaft and drop 2 floors!
 12720 | Lair:4   | Received a gift from Trog
 12723 | Lair:4   | Got a crystal battleaxe {god gift}
 12726 | Lair:4   | Identified the +4 battleaxe of Veones {vorpal, rN+} (Trog
                  | gifted it to you on level 4 of the Lair of Beasts)
 12747 | Lair:3   | Found a staircase to the Snake Pit.
 12861 | Lair:3   | Found a runed translucent door.
 12896 | Lair:3   | Noticed Huasawuy's ghost (journeyman TrWz)
 12910 | Lair:3   | Noticed Gastronok
 12924 | Lair:3   | Killed Gastronok
 12924 | Lair:3   | Reached skill level 19 in Axes
 14072 | Lair:4   | Reached XP level 14. HP: 91/131 MP: 14/14
 14136 | Lair:4   | Reached skill level 20 in Axes
 14818 | Lair:5   | Reached ****** piety under Trog
 14823 | Lair:5   | Received a gift from Trog
 15342 | Lair:6   | Entered Level 6 of the Lair of Beasts
 15455 | Lair:6   | Noticed Kirke
 15467 | Lair:6   | Killed Kirke
 15661 | Lair:6   | Found a viscous altar of Jiyva.
 15661 | Lair:6   | Found a staircase to the Slime Pits.
 15758 | Lair:6   | Noticed Urug
 15775 | Lair:6   | Killed Urug
 15775 | Lair:6   | Reached skill level 21 in Axes
 15947 | Lair:6   | Reached skill level 15 in Fighting
 16064 | Lair:6   | Received a gift from Trog
 16067 | Lair:6   | Got a scorched executioner's axe {god gift}
 16068 | Lair:6   | Identified the +5 executioner's axe of a wizard's
                  | laboratory {vorpal, rPois rN+} (Trog gifted it to you on
                  | level 6 of the Lair of Beasts)
 16282 | Lair:6   | Found an ornate altar of the Wu Jian Council.
 16690 | Lair:6   | Reached XP level 15. HP: 140/140 MP: 15/15
 16819 | Lair:6   | Found a large runed translucent door.
 16819 | Lair:6   | Found a large runed translucent door.
 17324 | Orc:2    | Entered Level 2 of the Orcish Mines
 17413 | Orc:2    | Paralysed by an orc sorcerer for 7 turns
 17415 | Orc:2    | HP: 9/210 [orc high priest/+0 long sword (13)]
 17416 | Orc:2    | Mangled by an orc warrior

Illustrated notes

Levels and vault maps discovered:
D:1:      dpeg_arrival_arbitrary_c, layout_basic, minmay_tromino_i2
D:2:      layout_loops_ring, serial_forest, infiniplex_forest_diagonal,
          infiniplex_forest_straight_2, infiniplex_forest_side_room,
          infiniplex_forest_clump_medium, uniq_sigmund
D:3:      layout_basic, lemuel_doored_altar
D:4:      layout_rooms, nicolae_overflow_crystal_walls, gammafunk_ghost_split,
          st_stairs_12, dk_vineyard_2, hangedman_abyss_or_decor_stabs
D:5:      layout_basic, serial_shops, kennysheep_mini, minmay_misc_feat_room,
          hangedman_decor_riveting, hangedman_decor_push
D:6:      layout_basic, minmay_temple_entry_trees
D:7:      layout_basic, serial_shops, shop, shop,
          nicolae_shop_overgrown_old_shop, nicolae_dithmenos_the_darkroom
D:8:      layout_basic, david_lair_shrubbed, basic_altar,
          minmay_fractal_squares_gapless_5
D:9:      layout_basic, xom_confusion_cloud, lemuel_crystal_altar, minitemple
D:10:     layout_roguey, orc_david_3, grunt_ministairs_7, serial_bayou_pond_e,
          uniq_snorg
D:11:     minmay_the_grid_triangle_9x9_rhombus_thin_mashed
          [minmay_the_grid_triangle_9x9_tough_junction,
          minmay_the_grid_triangle_9x9_prize_insulated,
          minmay_the_grid_triangle_9x9_descending_squares,
          minmay_the_grid_triangle_9x9_negative_grid], layout_gridville,
          basic_altar
Lair:1:   layout_hall_layers
Lair:2:   layout_big_grid, minmay_shoals_entry_beasts
Lair:3:   cheibrodos_lair_river_kwai, layout_gridlike,
          guppyfry_snake_entry_island, hellmonk_ghost_happy_afterlife,
          cheibrodos_lair_lostbears, uniq_gastronok
Lair:4:   layout_hall_layers, lemuel_fruit_tree, serial_bayou_shore_a
Lair:5:   layout_cave_pods
Lair:6:   cheibrodos_lair_end_hotspot, layout_regular_city, slime_altar_1,
          basic_altar, uniq_kirke, uniq_urug
Shoals:1: layout_shoals, kb_tengu_band, uniq_nikola
Orc:1:    layout_caves, nooodl_orcs_dogs
Orc:2:    st_orc_congregation, layout_diamond_mine, serial_shops, shop,
          elves_outpost_lemuel

Skill      XL: |  1  2  3  4  5  6  7  8  9 10 11 12 13 14 15 |
---------------+----------------------------------------------+-----
Fighting       | 4 5 7 9 10 11 12 14 15 | 15.3
Dodging        | 2 3 |  3.5
Axes           | 6 7 8 10 12 14 16 18 19 21 | 21.7
Armour         | 3 4 6 7 9 10 11 12 13 14 | 14.1

Action                   |  1- 3 |  4- 6 |  7- 9 | 10-12 | 13-15 || total
-------------------------+-------+-------+-------+-------+-------++-------
Melee: Hand axe          |   102 |   114 |   387 |       |       ||   603
       Demon trident     |       |       |   100 |   392 |       ||   492
       Executioner's axe |       |       |       |   149 |   137 ||   286
       Battleaxe         |       |       |       |       |   347 ||   347
Invok: Berserk           |     1 |     3 |    11 |    13 |    17 ||    45
       Trog's Hand       |       |       |     1 |     3 |     3 ||     7
       Brothers in Arms  |       |       |       |     3 |     4 ||     7
Evoke: Wand              |       |       |       |     1 |     6 ||     7
  Use: Scroll            |       |       |    12 |    10 |    12 ||    34
       Potion            |       |       |       |     1 |       ||     1
 Stab: Invisible         |       |       |       |     4 |       ||     4
Armor: Animal skin       |     5 |       |       |       |       ||     5
       Plate armour      |    37 |    56 |   276 |   390 |   440 ||  1199
Dodge: Dodged            |    38 |    44 |   130 |   168 |   229 ||   609
Block: Buckler           |       |       |    31 |    33 |       ||    64

Table legend: (Time is in decaauts)
 A = Elapsed time spent in this place.
 B = Non-inter-level travel time spent in this place.
 C = Inter-level travel time spent in this place.
 D = Time resting spent in this place.
 E = Time spent auto-exploring this place.
 F = Levels seen in this place.
 G = Mean time per level.
                   A        B        C        D        E       F      G
               +--------+--------+--------+--------+--------+-----+--------+
         Total |  17669 |  16807 |    862 |   2335 |  11118 |  20 |  883.5 |
       Dungeon |  10734 |  10215 |    519 |   1511 |   6621 |  11 |  975.8 |
          Lair |   6239 |   5950 |    289 |    791 |   4096 |   6 | 1039.8 |
        Shoals |      1 |      1 |      0 |      0 |      0 |   1 |    1.0 |
  Orcish Mines |    694 |    640 |     54 |     33 |    400 |   2 |  347.0 |
               +--------+--------+--------+--------+--------+-----+--------+

Top non-repeatable levels by time:
  Lair:6: 1807 daAuts
     D:4: 1599 daAuts
  Lair:3: 1184 daAuts
     D:7: 1126 daAuts
    D:11: 1115 daAuts
     D:9: 1014 daAuts
     D:8: 931 daAuts
  Lair:4: 921 daAuts
     D:1: 904 daAuts
  Lair:5: 893 daAuts
     D:2: 890 daAuts
     D:5: 876 daAuts
     D:6: 873 daAuts
  Lair:1: 862 daAuts
    D:10: 859 daAuts
